 Dungeon Crawl Stone Soup version 0.30-a0-141-g30f27751c5 (webtiles) character file.

Game seed: 6156688832048434358

58 Julmuri the Chiller (level 4, -13/46 HPs)
             Began as a Human Ice Elementalist on Sept 25, 2022.
             Killed by an exploding adder (21 damage)
             ... ignited by their inner flame
             ... on level 2 of the Dungeon.
             The game lasted 00:08:17 (1290 turns).

Julmuri the Chiller (Human Ice Elementalist)        Turns: 1290, Time: 00:08:18

Health: -13/46     AC: 22    Str:  9    XL:     4   Next: 21%
Magic:  3/7        EV:  2    Int: 17    God:
Gold:   53         SH:  0    Dex: 13    Spells: 7/8 levels left

rFire   . . .      SeeInvis .    m - staff of death
rCold   . . .      Faith    .    (no shield)
rNeg    + . .      Spirit   .    (body armour currently unavailable)
rPois   +          Reflect  .    (helmet currently unavailable)
rElec   .          Harm     .    (cloak currently unavailable)
rCorr   .          Rampage  .    (gloves currently unavailable)
Will    .....      NoTele   +    (boots currently unavailable)
Stlth   ++........               (no amulet)
HPRegen 0.15/turn                (no ring)
MPRegen 0.10/turn                (no ring)

@: brilliant, tree-form, attractive
A: stationary, stasis, torment immunity, boosted hp
a: no special abilities


You were on level 2 of the Dungeon.
You were a tree.
You visited 1 branch of the dungeon, and saw 2 of its levels.

You collected 53 gold pieces.

Inventory:

Hand Weapons
 e - a +1 dagger of speed
 k - a +0 hand axe
Armour
 a - a +1 robe (melded)
Magical Staves
 m - a staff of death (weapon)
Scrolls
 j - a scroll of blinking
Potions
 b - a potion of magic
 h - a potion of brilliance


   Skills:
 + Level 0.4 Fighting
 - Level 0.5 Short Blades
 * Level 1.0 Staves
 + Level 2.0 Dodging
 + Level 2.0 Stealth
 + Level 2.6 Spellcasting
 + Level 4.6 Ice Magic


You had 7 spell levels left.
You knew the following spells:

 Your Spells              Type           Power      Damage    Failure   Level
a - Freeze                Ice            100%       1d11      2%          1

Your spell library contained the following spells:

 Spells                   Type           Power      Damage    Failure   Level
 Frozen Ramparts          Ice            54%        1d9       8%          3
 Ozocubu's Armour         Ice            27%        N/A       8%          3
 Portal Projectile        Hex/Tloc       6%         N/A       50%         3
 Tukima's Dance           Hex            3%         N/A       50%         3
 Hailstorm                Conj/Ice       15%        3d5       56%         4
 Blade Hands              Tmut           1%         N/A       99%         5
 Fireball                 Conj/Fire      1%         3d3       99%         5
 Starburst                Conj/Fire      1%         6d3       100%        6
 Ignition                 Fire           1%         3d3       100%        8


Dungeon Overview and Level Annotations

Branches:
Dungeon (2/15)

Altars:

Shops:
D:1 [


Message History

The adder barely misses you. The adder attacks as you move away!
The adder bites you but does no damage. The adder misses you.
You are too injured to fight recklessly!
The adder attacks as you move away! The adder bites you.
* * * LOW HITPOINT WARNING * * *
You are too injured to fight recklessly!
You are too injured to fight recklessly!
It was a potion of attraction.
You feel attractive to monsters. The adder bites you but does no damage.
The adder barely misses you.
It was a potion of brilliance.
You feel clever all of a sudden. The adder closely misses you.
You are too injured to fight recklessly!
It was a potion of lignification.
You turn into a tree.
Your +1 robe melds into your body.
Your roots penetrate the ground.
The adder bites you but does no damage.
You are too injured to fight recklessly!
You cannot move.
You closely miss the adder. The adder bites you.
* * * LOW HITPOINT WARNING * * *
The adder bites you but does no damage.
You miss the adder. The adder bites you but does no damage.
You are too injured to fight recklessly!
You hit the adder but do no damage.
The adder bites you but does no damage. x2
You are too injured to fight recklessly!
As you read the scroll labelled GULUSE VENN, it crumbles to dust.
It is a scroll of identify.
j - a scroll of blinking The adder bites you but does no damage.
You cannot blink because you are held in place by your roots.
You cannot move.
You cannot move.
You hit the adder.
Flame seeps out of the adder.
The adder is moderately wounded.
The adder is engulfed in blazing flames.
The adder explodes!
The fiery explosion engulfs you!!
You die...

..................<.##.##.##.####
######.##..######...#####.##.####
##.........##...##...........
#...#..............§..##.....
#.#.#.#######..§##§§.........
#.#.#.# #.....§.§§§...#######
#.#.#.###.###§.###§§#.# #
#.#.#.##...##○§# #§§#.# #
#...#....#..♣.§###..#># ###
#..#####....##......#.# #.) #..
##.#.##.###....# #.# #..#
#....#.# #..### #.# #....... ...#
#.# ##...#.###.## #.# ...##.# #.#
#.# .#..#.# #.# #... .#.##... ..#
#...


There were no monsters in sight!

Vanquished Creatures
  2 adders (D:2)
  3 gnolls (D:2)
  A dart slug (D:2)
  2 endoplasms (D:1)
  A giant cockroach (D:1)
  A hobgoblin (D:1)
  2 jackals (D:1)
  2 kobolds (D:1)
  A ball python (D:1)
  A bat (D:1)
  A frilled lizard (D:1)
  A goblin (D:1)
  5 rats
23 creatures vanquished.

Vanquished Creatures (others)
  A plant (D:2)
1 creature vanquished.

Grand Total: 24 creatures vanquished

Notes
Turn   | Place    | Note
-------+----------+-------------------------------------------
     0 | D:1      | Julmuri the Human Ice Elementalist began the quest for the
                  | Orb.
     0 | D:1      | Reached XP level 1. HP: 13/13 MP: 3/3
   265 | D:1      | Reached XP level 2. HP: 17/20 MP: 0/5
   870 | D:1      | Found Qeassyil's Armour Shoppe.
   990 | D:2      | Reached XP level 3. HP: 11/25 MP: 1/6
  1155 | D:2      | Found a faded altar of an unknown god.
  1238 | D:2      | Reached XP level 4. HP: 28/31 MP: 1/7
  1255 | D:2      | Reached skill level 1 in Staves
  1290 | D:2      | Killed by an exploding adder... ignited by their inner
                  | flame

Illustrated notes

Levels and vault maps discovered:
D:1:      heliophobic_arrival_ceremonial_halls, layout_loops_ring, serial_shops,
          nicolae_shop_behind_doors
D:2:      layout_loops_ring, hellmonk_ecumenical_altar_pennies_from_heaven,
          grunt_decor_mini_mirrors, nicolae_grassy_gnolls

Skill      XL: |  1  2  3  4 |
---------------+-------------+-----
Staves         | 1 |  1.0
Fighting       | |  0.4
Short Blades   | |  0.5
Dodging        | |  2.0
Stealth        | |  2.0
Spellcasting   | |  2.6
Ice Magic      | |  4.6

Action                   |  1- 3 |  4- 6 || total
-------------------------+-------+-------++-------
Melee: Dagger            |     2 |       ||     2
       Staff             |     5 |     9 ||    14
 Cast: Freeze            |    36 |     3 ||    39
  Use: Scroll            |       |     4 ||     4
       Potion            |       |     3 ||     3
Armor: Robe              |     3 |     3 ||     6
       Skin              |       |     6 ||     6
Dodge: Dodged            |    15 |    21 ||    36

Table legend: (Time is in decaauts)
 A = Elapsed time spent in this place.
 B = Non-inter-level travel time spent in this place.
 C = Inter-level travel time spent in this place.
 D = Time resting spent in this place.
 E = Time spent auto-exploring this place.
 F = Levels seen in this place.
 G = Mean time per level.
                   A        B        C        D        E       F      G
               +--------+--------+--------+--------+--------+-----+--------+
         Total |   1291 |   1291 |      0 |     40 |    930 |   2 |  645.5 |
       Dungeon |   1291 |   1291 |      0 |     40 |    930 |   2 |  645.5 |
               +--------+--------+--------+--------+--------+-----+--------+

Top non-repeatable levels by time:
     D:1: 875 daAuts
     D:2: 415 daAuts
